 Dungeon Crawl Stone Soup version 0.31-a0-182-gc5ef74bbde (webtiles) character file.

Game seed: 6695699807984782671

13 Moral the Chopper (level 2, 29/29 HPs)
             Began as a Gnoll Wanderer on June 22, 2023.
             Got out of the dungeon alive.
             The game lasted 00:01:57 (486 turns).

Moral the Chopper (Gnoll Wanderer)                   Turns: 486, Time: 00:01:57

Health: 29/29      AC:  4    Str: 10    XL:     2   Next: 37%
Magic:  2/2        EV: 11    Int:  8    God:
Gold:   21         SH:  4    Dex: 15    Spells: 1/1 levels left

rFire   . . .        a - +2 hand axe
rCold   . . .        c - +0 buckler
rNeg    . . .        e - +0 leather armour
rPois   .            (no helmet)
rElec   .            g - +0 cloak
rCorr   .            (no gloves)
SInv    .            (no boots)
Will    .....        (no amulet)
Stlth   +            (no ring)
HPRegen 0.24/turn    (no ring)
MPRegen 0.08/turn

%: no passive effects
@: no status effects
A: fangs 1, strong nose, distributed training
a: no special abilities


You escaped.
You visited 1 branch of the dungeon, and saw 1 of its levels.

You collected 21 gold pieces.

Inventory:

Hand Weapons
 a - a +2 hand axe (weapon)
Armour
 c - a +0 buckler (worn)
 e - a +0 leather armour (worn)
 g - a +0 cloak (worn)
Scrolls
 f - a scroll of identify {unknown}
Potions
 b - a potion of curing
 d - 3 potions of berserk rage
 h - 2 potions of brilliance {unknown}


   Skills:
 + Level 6.5 Fighting
 + Level 0.4 Short Blades
 + Level 0.4 Long Blades
 + Level 6.5 Axes
 + Level 0.4 Maces & Flails
 + Level 0.4 Polearms
 + Level 0.4 Staves
 + Level 0.4 Ranged Weapons
 + Level 0.4 Throwing
 + Level 0.4 Armour
 + Level 2.5 Dodging
 + Level 0.4 Stealth
 + Level 2.5 Shields
 + Level 4.5 Unarmed Combat
 + Level 0.4 Spellcasting
 + Level 0.2 Conjurations
 + Level 0.2 Hexes
 + Level 0.2 Summonings
 + Level 0.2 Necromancy
 + Level 0.2 Translocations
 + Level 0.2 Transmutations
 + Level 0.2 Fire Magic
 + Level 0.2 Ice Magic
 + Level 0.2 Air Magic
 + Level 0.2 Earth Magic
 + Level 0.2 Poison Magic
 + Level 0.5 Invocations
 + Level 0.4 Evocations


You had one spell level left.
You didn't know any spells.
Your spell library was empty.

Dungeon Overview and Level Annotations

Branches:
Dungeon (1/15)

Altars:


Innate Abilities, Weirdness & Mutations

You have very sharp teeth.
Your uncanny sense of smell can sniff out nearby items.
Your experience applies equally to all skills.


Message History

You now have 21 gold pieces (gained 7).
There is a stone staircase leading down here.
There is a stone staircase leading down here.
Key pressed, stopping explore.
A kobold comes into view. It is wielding a +0 short sword.
A kobold is nearby!
The kobold throws a stone.
The stone closely misses you.
A goblin comes into view. It is wielding a +0 dagger.
The goblin shouts!
The kobold throws a stone.
You block the stone.
The kobold throws a stone.
The stone misses you.
Found a stone staircase leading down.
The kobold hits you with a +0 short sword.
You closely miss the kobold. The kobold barely misses you.
You hit the goblin.
The goblin is heavily wounded.
You barely miss the kobold. The goblin hits you with a +0 dagger.
The kobold hits you with a +0 short sword.
You closely miss the goblin. Your bite misses the goblin.
The goblin is heavily wounded.
You hit the kobold.
You kill the kobold!
The goblin hits you with a +0 dagger.
You slash the goblin!
You kill the goblin!
Key pressed, stopping explore.
A frilled lizard comes into view.
A frilled lizard is nearby!
The frilled lizard hisses angrily.
You hit the frilled lizard.
You kill the frilled lizard!
No target in view!
There is a stone staircase leading down here.
You open the large door.
There is a large open door here.
You enter the shallow water.
Moving in this stuff is going to be slow.
There is a staircase leading out of the dungeon here.
Are you sure you want to leave the Dungeon?
This will make you lose the game!
You have escaped!

.........#.###.####.......#
.#.......#..##...##.....#.#
.#..........###''########.#
.#.####.#..8.......~~## #.#
#....##.#.#.~~~~~~..~~# #.#
#.......#.#~~~...~~..~# #.#
.....####.#~~..~..~~.~# #.#
......# #.#~..~~~.~~.~# #.#
......# #.#~.~~.@.~~.~# #.#
......###.#~.~~.~~~..~# #.#
........#.#~.~~..~..~~# #.#######
........#.#~..~~...~~~# #........
..##....#.#~~..~~~~~~.###.#####.#
..# ....#.##~~.......8.##.# #.#
..##.......#####++###..########.#
†................................
.................################


There were no monsters in sight!

Vanquished Creatures
  A ball python (D:1)
  A goblin (D:1)
  3 jackals (D:1)
  A quokka (D:1)
  3 bats (D:1)
  A frilled lizard (D:1)
  A kobold (D:1)
  2 rats (D:1)
13 creatures vanquished.

Notes
Turn   | Place    | Note
-------+----------+-------------------------------------------
     0 | D:1      | Moral the Gnoll Wanderer began the quest for the Orb.
     0 | D:1      | Moral set off with the following items: a +2 hand axe, a
                  | potion of curing, a +0 buckler, a potion of berserk rage, a
                  | +0 leather armour.
     0 | D:1      | Reached XP level 1. HP: 23/23 MP: 1/1
   234 | D:1      | Reached XP level 2. HP: 22/29 MP: 2/2
   486 | D:$      | Got out of the dungeon alive.

Illustrated notes

Levels and vault maps discovered:
D:1:      psy_arrival_whirlpool, layout_basic

Action                     || total
---------------------------++-------
  Melee: Hand axe          ||    27
         Bite              ||     2
 Armour: Leather armour    ||    22
  Dodge: Dodged            ||    24
  Block: Buckler           ||    11

Table legend: (Time is in decaauts)
 A = Elapsed time spent in this place.
 B = Non-inter-level travel time spent in this place.
 C = Inter-level travel time spent in this place.
 D = Time resting spent in this place.
 E = Time spent auto-exploring this place.
 F = Levels seen in this place.
 G = Mean time per level.
                   A        B        C        D        E       F      G
               +--------+--------+--------+--------+--------+-----+--------+
         Total |    492 |    492 |      0 |      0 |    306 |   1 |  492.0 |
       Dungeon |    492 |    492 |      0 |      0 |    306 |   1 |  492.0 |
               +--------+--------+--------+--------+--------+-----+--------+

Top non-repeatable levels by time:
     D:1: 492 daAuts
